 Dungeon Crawl Stone Soup version 0.20.1-1-g8b1a95d (webtiles) character file.

9658 picardb the Cleaver (level 11, -2/93 (94) HPs)
             Began as a Centaur Fighter on Dec 9, 2017.
             Was a Believer of Uskayaw.
             Slain by a troll (10 damage)
             ... on level 9 of the Dungeon on Dec 10, 2017.
             The game lasted 00:52:10 (9089 turns).

picardb the Cleaver (Centaur Fighter)               Turns: 9089, Time: 00:52:11

HP:   -2/93 (94)    AC:  1    Str: 22    XL:     11   Next: 25%
MP:   0/11          EV:  4    Int:  7    God:    Uskayaw [**....]
Gold: 454           SH:  0    Dex: 11    Spells: 10/10 levels left

rFire    . . .     SeeInvis .   H - +2 battleaxe (chop)
rCold    . . .     Gourm    .   (shield currently unavailable)
rNeg     . . .     Faith    .   P - +0 plate armour {MR+}
rPois    .         Spirit   +   B - +2 hat
rElec    .         Reflect  .   A - +2 cloak
rCorr    .         Harm     .   y - +0 pair of gloves
MR       +....                  (no barding)
Stlth    ..........             K - amulet of guardian spirit
Regen    0.3/turn               g - ring of flight
MPRegen  0.2/turn               (no ring)

@: corroded, very quick
A: hooves 3, agile 1, deformed body, speed 2, tough skin 3, MP-powered wands
a: Stomp, Line Pass, Renounce Religion, Evoke Flight


You were on level 9 of the Dungeon.
You worshipped Uskayaw.
Uskayaw was noncommittal.
You were not hungry.

You visited 2 branches of the dungeon, and saw 10 of its levels.

You collected 454 gold pieces.

Inventory:

Hand Weapons
 k - a +0 war axe of electrocution
 H - a +2 battleaxe of chopping (weapon)
 L - a +0 shortbow
Missiles
 M - 37 arrows
Armour
 b - a +0 scale mail
 c - a +0 shield
 l - a cursed +0 buckler
 p - a +0 helmet
 u - the +4 ring mail of Mirth {rF- rN+ MR+ SInv}
   (You found it on level 5 of the Dungeon)

   It makes you vulnerable to fire.
   It protects you from negative energy.
   It affects your resistance to hostile enchantments.
   It lets you see invisible.
 x - the +5 chain mail of Qubrukh {SInv}
   (You found it on level 5 of the Dungeon)

   It lets you see invisible.
 y - a +0 pair of gloves (worn)
 A - a +2 cloak (worn)
 B - a +2 hat (worn)
 P - a +0 plate armour of magic resistance (worn)
Jewellery
 g - a ring of flight (left hand)
 o - a +4 ring of strength {unknown}
 v - an uncursed ring of poison resistance {unknown}
 D - a +5 ring of intelligence {unknown}
 K - an amulet of guardian spirit (around neck)
Wands
 j - a wand of acid (8/15)
 r - a wand of lightning (0/15)
 C - a wand of confusion (17/48)
 E - a wand of flame (5/48)
Scrolls
 d - 3 scrolls of amnesia
 h - 3 scrolls of identify
 i - 4 scrolls of remove curse
 n - 2 scrolls of magic mapping
 s - a scroll of teleportation
 t - 3 scrolls of fog
Potions
 e - 4 potions of mutation
 z - a potion of heal wounds {unknown}
 I - a potion of invisibility {unknown}
 O - a potion of cancellation {unknown}
Books
 a - a book of Misfortune

   Spells                             Type                      Level
   a - Confusing Touch                Hexes                        1
   b - Confuse                        Hexes                        3
   c - Gell's Gravitas                Translocation                3
   d - Petrify                        Transmutation/Earth          4
   e - Metabolic Englaciation         Hexes/Ice                    5
   f - Yara's Violent Unravelling     Hexes/Transmutation          5
 q - a book of Cantrips

   Spells                             Type                      Level
   a - Confusing Touch                Hexes                        1
   b - Animate Skeleton               Necromancy                   1
   c - Summon Small Mammal            Summoning                    1
   d - Apportation                    Translocation                1
 G - a book of Minor Magic

   Spells                             Type                      Level
   a - Magic Dart                     Conjuration                  1
   b - Blink                          Translocation                2
   c - Call Imp                       Summoning                    2
   d - Slow                           Hexes                        2
   e - Conjure Flame                  Conjuration/Fire             3
   f - Mephitic Cloud                 Conjuration/Poison/Air       3
 Q - a book of Necromancy

   Spells                             Type                      Level
   a - Pain                           Necromancy                   1
   b - Animate Skeleton               Necromancy                   1
   c - Vampiric Draining              Necromancy                   3
   d - Regeneration                   Charms/Necromancy            3
   e - Animate Dead                   Necromancy                   4
   f - Control Undead                 Necromancy                   4
Comestibles
 f - 6 bread rations
 m - 4 meat rations
 w - 2 fruits
 F - 5 royal jellies


   Skills:
 - Level 8.0 Fighting
 * Level 10.3 Axes
 + Level 4.3 Bows
 + Level 6.5 Armour
 - Level 6.4 Shields


You had 10 spell levels left.
You didn't know any spells.

Dungeon Overview and Level Annotations

Branches:
Dungeon (9/15)             Temple (1/1) D:5
   Lair: D:8-11         Orc: D:9-12

Altars:
Ashenzari
Cheibriados
Dithmenos
Elyvilon
Fedhas
Gozag
Hepliaklqana
Kikubaaqudgha
Makhleb
Nemelex Xobeh
Okawaru
Qazlal
Sif Muna
Trog
Uskayaw
Vehumet
Xom
Yredelemnul
Zin

Shops:
D:9 :


Innate Abilities, Weirdness & Mutations

You have hooves in place of feet.
Armour fits poorly on your strangely shaped body.
You cover ground very quickly.
You have extremely tough skin. (AC +3)
You are agile. (Dex +2)
You expend magic power (3 MP) to strengthen your wands.


Message History

The brown ugly thing completely misses you.
The brown ugly thing barely misses you.
You hit the brown ugly thing but do no damage.
Your kick misses the brown ugly thing.
The brown ugly thing is heavily wounded.
The brown ugly thing headbutts you!
* * * LOW HITPOINT WARNING * * *
The acid corrodes you!
You are splashed with acid!
The acid burns!
* * * LOW HITPOINT WARNING * * *
You slash the brown ugly thing! Your kick misses the brown ugly thing.
The brown ugly thing is severely wounded.
The brown ugly thing headbutts you.
* * * LOW HITPOINT WARNING * * *
You are splashed with acid!
The acid burns!
* * * LOW HITPOINT WARNING * * *
Unknown command.
You slice the brown ugly thing!!
You kill the brown ugly thing!
The troll bites you!
You die...

### .... ######
..... #....#
......######....#
.....HT@..##....#
......###.##....#
..... #.##....#
.... #..'....#
... #.##....# ≈.
#..#....# ≈ ..
#..###'## ### .
##.##†.# ..# .
#..##'###


You could see a hippogriff and a troll.

Vanquished Creatures
  2 two-headed ogres
  A queen ant (D:8)
  An ugly thing (D:9)
  A troll (D:9)
  2 hornets
  2 hippogriffs
  7 yaks
  A human (D:8)
  3 hogs (D:8)
  A hungry ghost (D:8)
  10 soldier ants (D:8)
  The ghost of PhyxPenguin the Ruffian, an amateur TrFi (D:3)
  2 ice beasts
  2 orc warriors
  3 sky beasts
  2 necrophages (D:8)
  3 centaurs
  2 ogres
  A crocodile (D:9)
  3 bullfrogs
  2 gnoll sergeants
  3 scorpions
  3 killer bees (D:9)
  3 wights (D:8)
  A howler monkey (D:4)
  2 crimson imps
  A jelly (D:6)
  4 hounds
  Crazy Yiuf (D:7)
  2 bullfrog skeletons (D:7)
  A centaur skeleton (D:4)
  3 orc priests
  2 orc wizards
  An iguana (D:5)
  17 worker ants
  A killer bee zombie (D:8)
  2 hound skeletons
  A worker ant zombie (D:8)
  21 gnolls
  2 howler monkey zombies
  9 adders
  An adder zombie (D:5)
  A worm (D:2)
  4 dart slugs
  8 leopard geckos
  25 orcs
  9 bats
  6 giant cockroaches
  9 goblins
  8 hobgoblins
  12 jackals
  14 kobolds
  6 quokkas
  6 ball pythons
  A frilled lizard (D:1)
  7 rats
249 creatures vanquished.

Notes
Turn   | Place    | Note
-------+----------+-------------------------------------------
     0 | D:1      | picardb the Centaur Fighter began the quest for the Orb.
     0 | D:1      | Reached XP level 1. HP: 19/19 MP: 1/1
   197 | D:1      | Reached XP level 2. HP: 26/26 MP: 2/2
   470 | D:1      | Reached skill level 2 in Axes
   678 | D:1      | Reached XP level 3. HP: 31/31 MP: 3/3
  1456 | D:2      | Reached XP level 4. HP: 15/39 MP: 4/4
  1457 | D:2      | Gained mutation: You expend magic power (3 MP) to strengthen your wands. [potion of mutation]
  1457 | D:2      | Gained mutation: You are agile. (Dex +2) [potion of mutation]
  1800 | D:2      | Found a faded altar of an unknown god.
  2182 | D:2      | Reached XP level 5. HP: 36/46 MP: 5/5
  2297 | D:3      | Reached skill level 3 in Axes
  2320 | D:3      | Noticed PhyxPenguin's ghost (amateur TrFi)
  2336 | D:3      | Killed PhyxPenguin's ghost
  2336 | D:3      | Reached XP level 6. HP: 17/53 MP: 6/6
  2715 | D:3      | Found a basalt altar of Yredelemnul.
  3387 | D:4      | Reached skill level 5 in Fighting
  3459 | D:4      | Noticed a two-headed ogre
  3463 | D:4      | Reached XP level 7. HP: 57/61 MP: 7/7
  3468 | D:4      | Reached skill level 4 in Axes
  3847 | D:4      | Killed a two-headed ogre
  3847 | D:4      | Reached skill level 5 in Axes
  3847 | D:4      | Reached skill level 5 in Armour
  3847 | D:4      | Reached XP level 8. HP: 30/70 MP: 8/8
  4518 | D:5      | Entered Level 5 of the Dungeon
  4591 | D:5      | Got a jewelled ring mail
  4664 | D:5      | Found a staircase to the Ecumenical Temple.
  4684 | Temple   | Entered the Ecumenical Temple
  4755 | Temple   | Became a worshipper of Uskayaw the Reveler
  4824 | D:5      | Reached * piety under Uskayaw
  4825 | D:5      | Reached ** piety under Uskayaw
  4881 | D:5      | Got a jewelled chain mail
  4882 | D:5      | Identified the +5 chain mail of Qubrukh {SInv} (You found it on level 5 of the Dungeon)
  4955 | D:5      | Reached *** piety under Uskayaw
  5338 | D:6      | Reached **** piety under Uskayaw
  5344 | D:6      | Reached skill level 6 in Axes
  5344 | D:6      | Reached ***** piety under Uskayaw
  5924 | D:7      | Found a runed door.
  5970 | D:7      | Noticed Crazy Yiuf
  5979 | D:7      | Killed Crazy Yiuf
  5979 | D:7      | Reached XP level 9. HP: 73/79 MP: 9/9
  6387 | D:7      | Found a bloodstained altar of Trog.
  6532 | D:7      | Found an opulent altar of Gozag.
  6533 | D:7      | Found a deep blue altar of Sif Muna.
  6805 | D:7      | Found a white marble altar of Elyvilon.
  6805 | D:7      | Found an iron altar of Okawaru.
  6835 | D:7      | Reached skill level 7 in Axes
  6995 | D:8      | Noticed a two-headed ogre
  7005 | D:8      | Killed a two-headed ogre
  7080 | D:8      | Reached skill level 8 in Axes
  7088 | D:8      | Reached XP level 10. HP: 85/88 MP: 10/10
  7123 | D:8      | Noticed a queen ant
  7137 | D:8      | Reached ****** piety under Uskayaw
  7145 | D:8      | Killed a queen ant
  7145 | D:8      | Reached skill level 5 in Shields
  7182 | D:8      | Reached skill level 9 in Axes
  7850 | D:8      | Reached skill level 1 in Bows
  8336 | D:7      | Found a radiant altar of Vehumet.
  8340 | D:7      | Identified the +4 ring mail of Mirth {rF- rN+ MR+ SInv} (You found it on level 5 of the Dungeon)
  8474 | D:9      | Reached XP level 11. HP: 81/93 MP: 8/11
  8491 | D:9      | Reached skill level 10 in Axes
  8516 | D:9      | Found Haraw's Book Shop.
  9076 | D:9      | Noticed a brown ugly thing
  9089 | D:9      | Killed a brown ugly thing
  9089 | D:9      | Slain by a troll

Skill      XL: |  1  2  3  4  5  6  7  8  9 10 11 |
---------------+----------------------------------+-----
Axes           | 2 3 5 6 8 9 10 | 10.3
Armour         | 3 4 5 6 |  6.5
Fighting       | 4 5 6 7 8 |  8.0
Shields        | 4 6 |  6.4
Bows           | 2 4 |  4.3

Action                   |  1- 3 |  4- 6 |  7- 9 | 10-12 || total
-------------------------+-------+-------+-------+-------++-------
Melee: War axe           |   133 |   158 |   235 |   185 ||   711
       Kick              |    16 |    29 |    60 |    77 ||   182
       Battleaxe         |       |       |       |    80 ||    80
Invok: Line Pass         |       |       |     1 |       ||     1
Evoke: Wand              |       |       |       |     5 ||     5
  Use: Potion            |       |     3 |     1 |     6 ||    10
       Scroll            |       |       |     1 |    10 ||    11
 Stab: Paralysed         |       |       |    10 |    10 ||    20
  Eat: Chunk             |     1 |     6 |     9 |     9 ||    25
       Bread ration      |       |       |       |     2 ||     2
Armor: Scale mail        |    77 |    56 |    27 |       ||   160
       Chain mail        |       |       |   111 |    82 ||   193
       Plate armour      |       |       |       |    64 ||    64
       Skin              |       |       |       |     2 ||     2
Dodge: Dodged            |    27 |    25 |    31 |    48 ||   131
Block: Shield            |    52 |    79 |   107 |    67 ||   305
